 Dungeon Crawl Stone Soup version 0.26.0-20-g3ca415f5b8 (console) character file.

Game seed: 13533248650557029772

25 jeanjacques the Skirmisher (level 3, -2/23 HPs)
             Began as a Gargoyle Artificer on Jan 24, 2021.
             Slain by an orc
             ... wielding a +0 trident
              (8 damage)
             ... on level 3 of the Dungeon.
             The game lasted 00:01:19 (232 turns).

jeanjacques the Skirmisher (Gargoyle Artificer)      Turns: 232, Time: 00:01:20

Health: -2/23      AC:  6    Str: 16    XL:     3   Next: 6%
Magic:  3/3        EV: 11    Int: 11    God:
Gold:   40         SH:  0    Dex: 10    Spells: 2/2 levels left

rFire    . . .     SeeInvis .   a - +0 club
rCold    . . .     Faith    .   (no shield)
rNeg     + . .     Spirit   .   b - +0 leather armour
rPois    ∞         Reflect  .   (no helmet)
rElec    +         Harm     .   (no cloak)
rCorr    .         Rampage  .   (no gloves)
Will     .....                  (no boots)
Stlth    +.........             (no amulet)
HPRegen  0.07/turn              (no ring)
MPRegen  0.08/turn              (no ring)

@: very slightly contaminated, invisible
A: negative energy resistance 1, electricity resistance, unbreathing,
petrification resistance, miasma immunity, AC +3
a: no special abilities


You were on level 3 of the Dungeon.
You visited 1 branch of the dungeon, and saw 3 of its levels.

You collected 40 gold pieces.

Inventory:

Hand Weapons
 a - a +0 club (weapon)
 g - a +0 hand axe
   (You found it on level 2 of the Dungeon)
Missiles
 f - 24 stones
Armour
 b - a +0 leather armour (worn)
 i - a +0 ring mail
   (You took it off an orc on level 3 of the Dungeon)
Wands
 c - a wand of flame (10) (quivered)
 d - a wand of enslavement (15)
 e - a wand of random effects (15)
Scrolls
 h - a scroll of remove curse {unknown}


   Skills:
 + Level 3.2 Fighting
 - Level 2.1 Armour
 - Level 0.7 Dodging
 - Level 1.1 Stealth
 - Level 2.6 Evocations


You had 2 spell levels left.
You didn't know any spells.
Your spell library was empty.

Dungeon Overview and Level Annotations

Branches:
Dungeon (3/15)

Altars:


Innate Abilities, Weirdness & Mutations

You are resistant to torment.
Your stone body is resilient. (AC +3)
You are immune to poison.
You resist negative energy. (rN+)
You are resistant to electric shocks. (rElec)
You can survive without breathing.
You are immune to petrification.
You are immune to miasma.


Message History

You hit the orc.
The orc is heavily wounded.
The orc hits you but does no damage. The orc closely misses you.
The frilled lizard barely misses you. The orc barely misses you.
The orc closely misses you.
You hit the orc.
You kill the orc!
The bat closely misses you. The frilled lizard barely misses you.
The orc closely misses you.
You hear some strange, mumbled words.
A puff of flame appears from out of thin air!
The puff of flame hits the frilled lizard!
The frilled lizard dies!
You have reached level 3!
Your experience leads to an increase in your attributes!
Increase (s)trength, (i)ntelligence, or (d)exterity?
You feel stronger. The bat barely misses you.
The orc hits you but does no damage.
Things that are here:
a +0 ring mail; an orc corpse
i - a +0 ring mail The bat closely misses you.
The orc hits you with a +0 trident.
* * * LOW HITPOINT WARNING * * *
The bat hits you.
* * * LOW HITPOINT WARNING * * *
The bat misses you.
There is a stone staircase leading up here.
The bat closely misses you. The bat hits you but does no damage.
The orc hits you but does no damage. The bat closely misses you.
There is a stone staircase leading up here.
You hit the bat.
You kill the bat!
The orc barely misses you.
You hit the orc.
The orc is lightly wounded.
The orc hits you with a +0 trident.
* * * LOW HITPOINT WARNING * * *
The orc hits you with a +0 trident!
You die...

##.g. ..g# # #..#.#
########..#.#####
#...%..o.......$.
#.#######g#..### #.
#.#..{.gKg.......
###..##.#g#####....###.
.........Ko@.###...#
###......{....# ...#
#.###.#.##..# ..... #
#.#.# ..# ..#### #.#.#
..# ..# .o?.# ... #....
>... ####. #.### .


You could see a gnoll, an orc and a kobold.

Vanquished Creatures
  2 adders (D:2)
  An orc (D:3)
  2 bats
  A kobold (D:2)
  A rat (D:3)
7 creatures vanquished.

Vanquished Creatures (others)
  A frilled lizard (D:3)
1 creature vanquished.

Grand Total: 8 creatures vanquished

Notes
Turn   | Place    | Note
-------+----------+-------------------------------------------
     0 | D:1      | jeanjacques the Gargoyle Artificer began the quest for the
                  | Orb.
     0 | D:1      | Reached XP level 1. HP: 12/12 MP: 1/1
   118 | D:2      | Reached skill level 2 in Fighting
   118 | D:2      | Reached XP level 2. HP: 7/18 MP: 2/2
   188 | D:2      | Reached skill level 3 in Fighting
   224 | D:3      | Reached XP level 3. HP: 9/23 MP: 3/3
   232 | D:3      | Slain by an orc

Illustrated notes

Levels and vault maps discovered:
D:1:      heliophobic_arrival_battle_scene, layout_loops_ring, minmay_unequal
D:2:      layout_basic
D:3:      layout_loops_ring, minmay_pentangle

Skill      XL: |  1  2 |
---------------+-------+-----
Fighting       | 2 3 |  3.2
Armour         | |  2.1
Dodging        | |  0.7
Stealth        | |  1.1
Evocations     | |  2.6

Action                   || total
-------------------------++-------
Melee: Club              ||    27
Evoke: Wand              ||     5
  Use: Potion            ||     2
Armor: Leather armour    ||    19
Dodge: Dodged            ||    39

Table legend: (Time is in decaauts)
 A = Elapsed time spent in this place.
 B = Non-inter-level travel time spent in this place.
 C = Inter-level travel time spent in this place.
 D = Time resting spent in this place.
 E = Time spent auto-exploring this place.
 F = Levels seen in this place.
 G = Mean time per level.
                   A        B        C        D        E       F      G
               +--------+--------+--------+--------+--------+-----+--------+
         Total |    240 |    240 |      0 |      0 |      0 |   3 |   80.0 |
       Dungeon |    240 |    240 |      0 |      0 |      0 |   3 |   80.0 |
               +--------+--------+--------+--------+--------+-----+--------+

Top non-repeatable levels by time:
     D:2: 186 daAuts
     D:3: 38 daAuts
     D:1: 15 daAuts

Table legend:
 A = Kills in this place as a percentage of kills in entire the game.
 B = Kills by you in this place as a percentage of kills by you in the entire game.
 C = Kills by friends in this place as a percentage of kills by friends in the entire game.
 D = Other kills in this place as a percentage of other kills in the entire game.
 E = Experience gained in this place as a percentage of experience gained in the entire game.
 F = Experience gained in this place divided by the number of levels of this place that you have seen.
                   A       B       C       D       E      F
               +-------+-------+-------+-------+-------+----------------------
         Total | 100.0 | 100.0 |   N/A |   N/A | 100.0 |  12.3
       Dungeon | 100.0 | 100.0 |   N/A |   N/A | 100.0 |  12.3
               +-------+-------+-------+-------+-------+----------------------
